 Dungeon Crawl Stone Soup version 0.30-a0-374-g95c0257040 (webtiles) character file.

Game seed: 12351154897001008011

204268 experimilk the Devastator (level 18, -18/141 (145) HPs)
             Began as a Red Draconian Conjurer on Nov 24, 2022.
             Was an Elder of Sif Muna.
             Killed by the air
             ... invoked by a spriggan air mage
              (30 damage)
             ... on level 4 of the Swamp on Nov 26, 2022.
             The game lasted 03:11:37 (65199 turns).

experimilk the Devastator (Red Draconian Conjurer) Turns: 65199, Time: 03:11:38

HP:   -18/141 (145) AC: 16    Str: 11    XL:     18   Next: 0%
MP:   22/34         EV: 15    Int: 32    God:    Sif Muna [****..]
Gold: 2835          SH:  0    Dex: 13    Spells: 5/41 levels left

rFire   + . .      SeeInvis .    q - staff of conjuration
rCold   . . .      Faith    .    y - +0 buckler
rNeg    . . .      Spirit   .    (body armour unavailable)
rPois   +          Reflect  .    (helmet restricted)
rElec   +          Harm     .    z - +2 cloak
rCorr   +          Rampage  .    H - +0 pair of gloves of the Iron City of Dis {rElec rCorr}
Will    +....                    c - +1 pair of boots
Stlth   +.........               O - amulet of magic regeneration
HPRegen 0.43/turn                T - ring of Foja {rPois Int+6 Dex+4}
MPRegen 0.64/turn                Z - ring of resist corrosion

@: confused, about to teleport, ambrosia-drunk, studying Hexes, lightly drained
A: breathe fire, AC +10, unfitting armour, fire resistance 1, cold-blooded
}: 1/15 runes: gossamer
a: Breathe Fire, Renounce Religion, Channel Magic, Forget Spell, Divine Exegesis


You were on level 4 of the Swamp.
You worshipped Sif Muna.
Sif Muna was greatly pleased with you.
You visited 6 branches of the dungeon, and saw 31 of its levels.
You visited the Abyss 1 time.
You also visited: Volcano.

You collected 3335 gold pieces.
You spent 500 gold pieces at shops.

Inventory:

Hand Weapons
 n - a +0 vorpal quarterstaff
 P - a +3 quarterstaff of chaos
Armour
 c - a +1 pair of boots (worn)
 y - a +0 buckler (worn)
 z - a +2 cloak (worn)
 H - the +0 pair of gloves of the Iron City of Dis (worn) {rElec rCorr}
   (You found it on level 1 of the Swamp)

   rElec:     It insulates you from electricity.
   rCorr:     It protects you from acid and corrosion.
 L - a +1 kite shield of fire resistance
Magical Staves
 q - a staff of conjuration (weapon)
Jewellery
 b - a ring of see invisible
 p - a ring of protection from cold
 r - a ring of wizardry
 v - a ring of positive energy
 B - a ring of poison resistance
 F - an amulet of regeneration
 G - a ring of fire
 J - a +6 ring of dexterity
 N - the ring "Pujuje" {Ice Str+4}
   (You found it on level 3 of the Lair of Beasts)

   [ring of ice]

   It enhances your ice magic.
   Str:       It affects your strength (+4).
   rF:        It makes you vulnerable to fire.
   rC:        It protects you from cold.
 O - an amulet of magic regeneration (around neck)
 R - an amulet of reflection
 T - the ring of Foja (left hand) {rPois Int+6 Dex+4}
   (You found it on level 5 of the Lair of Beasts)

   [ring of intelligence]

   Int:       It affects your intelligence (+6).
   Dex:       It affects your dexterity (+4).
   rPois:     It protects you from poison.
 Z - a ring of resist corrosion (right hand)
Wands
 i - a wand of paralysis (22)
 C - a wand of mindburst (12)
 I - a wand of flame (6)
 K - a wand of iceblast (6)
 M - a wand of polymorph (20)
 Y - a wand of acid (13)
Scrolls
 a - a scroll of enchant weapon
 d - 2 scrolls of summoning
 g - 7 scrolls of vulnerability
 k - 4 scrolls of butterflies
 s - a scroll of amnesia
 u - 2 scrolls of immolation
 w - 3 scrolls of identify
 D - 2 scrolls of enchant armour
 Q - 2 scrolls of torment
 W - a scroll of brand weapon
Potions
 e - 3 potions of curing
 h - a potion of cancellation
 j - 4 potions of attraction
 l - 6 potions of mutation
 m - 6 potions of invisibility
 o - 4 potions of brilliance
 A - 6 potions of resistance
 E - 2 potions of ambrosia
 V - a potion of might
 X - 2 potions of flight
Miscellaneous
 f - a phantom mirror
 S - a box of beasts
 U - a condenser vane


   Skills:
 - Level 9.0 Fighting
 - Level 1.9 Short Blades
 - Level 3.0 Staves
 - Level 9.4 Dodging
 - Level 1.7 Stealth
 - Level 6.0 Shields
 - Level 12.0 Spellcasting
 + Level 19.6 Conjurations
 - Level 2.0 Hexes
 - Level 3.0 Translocations
 - Level 18.0 Fire Magic
 - Level 9.0 Invocations
 - Level 9.0 Evocations


You had 5 spell levels left.
You knew the following spells:

 Your Spells              Type           Power      Damage    Failure   Level
a - Fireball              Conj/Fire      59%        3d23      1%          5
b - Searing Ray           Conj           100%       2d8       0%          2
c - Iskenderun's Battles  Conj           100%       2d15      1%          5
d - Sticky Flame          Conj/Fire      100%       2d11      0%          4
e - Magic Dart            Conj           100%       1d8       0%          1
f - Foxfire               Conj/Fire      100%       2x1d9     0%          1
q - Slow                  Hex            100%       N/A       1%          1
s - Starburst             Conj/Fire      59%        6d16      1%          6
x - Iskenderun's Mystic   Conj/Tloc      95%        2d18      1%          4
z - Orb of Destruction    Conj           60%        9d15      1%          7

Your spell library contained the following spells:

 Spells                   Type           Power      Damage    Failure   Level
 Flame Wave               Conj/Fire      100%       2d21      0%          4
 Kiss of Death            Conj/Necr      100%       2d13      1%          1
 Momentum Strike          Conj/Tloc      100%       3d10      1%          2
 Dazzling Flash           Conj/Hex       100%       N/A       1%          3
 Kindle Blastsparks       Fire/Tloc/Air  100%       2d18      1%          3
 Mephitic Cloud           Conj/Pois/Air  75%        N/A       1%          3
 Fulminant Prism          Conj/Hex       46%        3d21      1%          4
 Lightning Bolt           Conj/Air       44%        1d64      1%          5
 Gell's Gravitas          Tloc           38%        N/A       2%          3
 Ensorcelled Hibernation  Hex/Ice        50%        N/A       3%          2
 Portal Projectile        Hex/Tloc       70%        N/A       3%          3
 Call Imp                 Summ           19%        N/A       4%          2
 Cigotuvi's Dreadful Rot  Necr/Pois/Air  38%        N/A       4%          2
 Passwall                 Tmut/Erth      15%        N/A       4%          2
 Poisonous Vapours        Pois/Air       38%        N/A       4%          2
 Confusing Touch          Hex            32%        N/A       4%          3
 Freezing Cloud           Conj/Ice/Air   37%        6-21      6%          5
 Spider Form              Tmut/Pois      19%        N/A       10%         3
 Swiftness                Air            19%        N/A       10%         3
 Vampiric Draining        Necr           19%        2d7       10%         3
 Anguish                  Hex/Necr       12%        N/A       21%         4
 Leda's Liquefaction      Hex/Erth       12%        N/A       21%         4
 Airstrike                Air            9%         2d(2-18)  30%         4
 Animate Dead             Necr           19%        N/A       30%         4
 Dispel Undead            Necr           19%        3d11      30%         4
 Petrify                  Tmut/Erth      19%        N/A       30%         4
 Metabolic Englaciation   Hex/Ice        12%        N/A       50%         5
 Silence                  Hex/Air        12%        N/A       50%         5
 Agony                    Necr           19%        N/A       65%         5
 Blade Hands              Tmut           9%         N/A       65%         5
 Lee's Rapid Deconstruct  Erth           9%         3d7*      65%         5
 Conjure Ball Lightning   Conj/Air       44%        3x3d15    9%          6
 Iron Shot                Conj/Erth      44%        9d9       9%          6
 Statue Form              Tmut/Erth      12%        N/A       99%         6
 Haunt                    Necr/Summ      9%         N/A       100%        7
 Disjunction              Tloc           19%        N/A       100%        8
 Infestation              Necr           9%         N/A       100%        8
 Maxwell's Capacitive Co  Air            9%         ∞         100%        8
 Chain Lightning          Conj/Air       44%        3d59      100%        9
 Animate Armour           Summ/Erth      Unusable   N/A       N/A         4

Dungeon Overview and Level Annotations

Branches:
Dungeon (15/15)            Temple (1/1) D:6            Lair (5/5) D:10
  Swamp (4/4) Lair:3       Spider (4/4) Lair:2        Slime (0/5) Lair:5
    Orc (2/2) D:11            Elf (0/3) Orc:2        Vaults (0/5) D:14
Volcano (visited)
 Depths: D:15

Altars:
Ashenzari
Cheibriados
Dithmenos
Elyvilon
Fedhas
Gozag
Hepliaklqana
Kikubaaqudgha
Makhleb
Nemelex Xobeh
Okawaru
Qazlal
Ru
Sif Muna
Trog
Uskayaw
Vehumet
Wu Jian
Xom
Yredelemnul
Zin
The Shining One
Jiyva

Shops:
D:4 *(   D:8 *   Orc:1 :   Orc:2 !(?!*

Annotations:
D:13 1 runed translucent door
Spider:1 1 runed translucent door, Jomugh's ghost, adept MfHs
Spider:2 1 runed translucent door, markstv's ghost, journeyman MiFi


Innate Abilities, Weirdness & Mutations

You can breathe blasts of fire.
Your fiery red scales are hard. (AC +10)
You cannot fit into any form of body armour.
Your flesh is heat resistant. (rF+)
You are cold-blooded and may be slowed by cold attacks.


Message History

The bolt of fire hits the spectral death drake!!!
The spectral death drake is severely damaged.
The bolt of fire hits the spectral spriggan berserker!!!
You destroy the spectral spriggan berserker!
The spectral spriggan berserker fades away!
The mangrove smoulders and burns.
You are engulfed in spectral mist.
* * * LOW HITPOINT WARNING * * *
The eleionoma is engulfed in spectral mist.
The eleionoma hurls a spray of splinters at you.
The spray of wooden splinters hits you but does no damage.
The spectral spriggan air mage hits you but does no damage.
The spectral spriggan air mage barely misses you.
Unknown command.
Unknown command.
Blink to where?
Press: ? - help, Q - select action, (/) - cycle Dir - move target
As you read the scroll of blinking, it crumbles to dust.
The spectral death drake is engulfed in blazing flames.
The spectral spriggan air mage is engulfed in blazing flames.
You feel less invigorated.
The spectral spriggan air mage is engulfed in blazing flames.
You destroy the spectral spriggan air mage!
The spectral spriggan air mage fades away!
There is a stone staircase leading up here.
You stop ascending the stairs.
Your surroundings suddenly seem different.
A spriggan rider, a will-o-the-wisp, a seven-headed hydra and a spriggan air mage come into view.
Found five items.
The will-o-the-wisp gives a chilling moan.
The spriggan air mage shouts!
As you read the scroll of teleportation, it crumbles to dust.
You feel strangely unstable.
The will-o-the-wisp blinks!
The spriggan air mage waves its arms in wide circles.
The air twists around and strikes you!!
* * * LOW HITPOINT WARNING * * *
You are confused.
You feel invigorated.
The spriggan air mage waves its arms in wide circles.
The air twists around and strikes you!!
You die...

~..~........~.
....!.......~
~.~.~...~.~.
.~.~~~~i~.~
♣..~v~.~~§.
♣♣♣~.~~..).~.
♣♣.~........~~
♣.~.~.@..§..~.
♣♣..~.....~..~
♣♣♣~[i..♣..§.
♣♣.(~..♣.~.
~♣D...~§ ~
§..~..~...
♣~~~.~~.~..
♣♣~.?~♣♣~~~


You could see a seven-headed hydra, a spriggan rider, a spriggan air mage
(repels missiles) and a will-o-the-wisp.

Vanquished Creatures
  Jorgrun (Swamp:1)
  4 thorn hunters
  Kirke (Spider:1)
  7 emperor scorpions
  2 ghost moths
  A broodmother (Spider:3)
  4 eleionomae
  Azrael (D:12)
  4 bunyips
  3 spark wasps
  The ghost of iguanaiguana the Destroyer, a journeyman HuWn of Ru (Lair:3)
  5 entropy weavers
  4 vault guards (D:14)
  3 ghost crabs
  Erolcha (D:11)
  4 ogre magi (Orc:2)
  4 jorogumos
  2 radroaches (Spider:3)
  7 hydras
  2 catoblepae
  A merfolk avatar (Lair:5)
  3 alligators
  4 centaur warriors (D:13)
  A dancing weapon (Volcano)
  7 boulder beetles
  15 two-headed ogres
  6 death yaks (Lair:4)
  Sonja (Lair:3)
  8 pharaoh ants
  4 spriggans
  Amaemon (D:11)
  5 goliath frogs
  5 spriggan druids
  6 sun moths
  5 bog bodies
  9 steelbarb worms
  10 orb spiders
  2 sea snakes (Lair:5)
  6 wizards
  7 swamp dragons
  24 wolf spiders
  A harpy (Lair:5)
  An orc knight (Orc:1)
  5 deep elf pyromancers
  2 orc sorcerers (Orc:2)
  3 ugly things
  2 oklob plants
  2 will-o-the-wisps
  13 elephants
  5 moths of wrath
  11 cyclopes
  3 manticores
  3 black mambas
  5 toenail golems (Volcano)
  6 torpor snails
  12 cane toads
  An orange demon (D:11)
  8 komodo dragons
  2 kobold demonologists
  3 rime drakes (Lair:5)
  2 unseen horrors (D:13)
  An efreet (D:14)
  9 demonic crawlers
  A queen bee (shapeshifter) (D:13)
  5 trolls
  A meliai (shapeshifter) (D:14)
  6 meliai
  Grinder (D:4)
  3 polar bears
  A wolf spider simulacrum (D:14)
  A bloated husk (Swamp:3)
  39 tarantellas
  6 hornets
  8 tyrant leeches
  17 blink frogs
  A wind drake (Lair:5)
  6 dream sheep (Lair:3)
  25 jumping spiders
  2 wraiths
  A shadow (D:11)
  22 culicivoras
  A vampire (D:9)
  Eustachio (D:6)
  6 basilisks
  7 wyverns
  4 fire elementals (D:12)
  39 yaks
  3 steam dragons
  6 hogs (Spider:1)
  57 redbacks
  10 vampire mosquitoes
  3 wargs
  3 acid dragons
  17 swamp worms
  13 water moccasins
  An ice beast (D:8)
  A sky beast (D:6)
  3 swamp drakes
  6 black bears
  20 orc warriors
  28 ogres
  7 centaurs
  18 wolves
  2 phantoms (D:5)
  5 kobold brigands
  2 gnoll sergeants (D:9)
  9 bullfrogs
  2 necrophages
  5 earth elementals (D:14)
  5 scorpions
  3 wights (D:7)
  15 killer bees
  10 electric eels
  7 howler monkeys
  4 jellies (Lair:5)
  22 orc priests
  A hound (D:5)
  An iguana (D:6)
  26 orc wizards
  3 adders
  3 gnolls (D:9)
  A shadow imp (D:7)
  3 white imps
  2 ufetubi
  5 dart slugs
  2 worms (D:3)
  90 orcs
  9 ball pythons
  8 endoplasms
  3 giant cockroaches
  5 goblins
  2 hobgoblins (D:1)
  2 quokkas (D:2)
  7 bats
  9 frilled lizards
  13 kobolds
  4 rats
  10 briar patches
  3 foxfires
994 creatures vanquished.

Vanquished Creatures (collateral kills)
  Urug (Lair:3)
  A steelbarb worm (Spider:3)
  A troll (Orc:1)
  2 ogres (Orc:1)
5 creatures vanquished.

Vanquished Creatures (others)
  A tarantella (Spider:2)
  An orc (Orc:2)
  3 bushes (Lair:5)
  80 foxfires
  29 fulminant prisms
  42 fungi
  93 plants
249 creatures vanquished.

Grand Total: 1248 creatures vanquished

Notes
Turn   | Place    | Note
-------+----------+-------------------------------------------
     0 | D:1      | experimilk the Draconian Conjurer began the quest for the
                  | Orb.
     0 | D:1      | Reached XP level 1. HP: 14/14 MP: 3/3
   246 | D:1      | Reached XP level 2. HP: 20/20 MP: 0/5
   308 | D:1      | Learned a level 2 spell: Searing Ray
   767 | D:1      | Reached skill level 5 in Conjurations
   767 | D:1      | Reached XP level 3. HP: 26/26 MP: 1/6
  1257 | D:2      | Found a glowing golden altar of the Shining One.
  2183 | D:3      | Reached XP level 4. HP: 33/33 MP: 0/7
  2188 | D:3      | Learned a level 4 spell: Iskenderun's Mystic Blast
  2452 | D:3      | Reached skill level 6 in Conjurations
  2591 | D:3      | Reached XP level 5. HP: 20/38 MP: 2/8
  3007 | D:3      | Identified the +1 mace of the Shouting Scorpion {venom,
                  | +Blink rPois}
  3370 | D:4      | Noticed an ogre
  3378 | D:4      | Killed an ogre
  3379 | D:4      | Reached skill level 7 in Conjurations
  3731 | D:4      | Reached XP level 6. HP: 20/45 MP: 4/9
  4035 | D:4      | Noticed Grinder
  4035 | D:4      | You fall into a shaft and drop 2 floors!
  4102 | D:5      | Entered Level 5 of the Dungeon
  4130 | D:5      | Reached skill level 8 in Conjurations
  4444 | D:5      | HP: 3/67 [poisoned by an orc wizard]
  4949 | D:4      | Found a white marble altar of Elyvilon.
  5050 | D:4      | Found Guammu's Weapon Boutique.
  5051 | D:4      | Found Noeng's General Store.
  5060 | D:4      | Bought a scroll of enchant armour for 75 gold pieces
  5299 | D:4      | Found a glowing silver altar of Zin.
  5360 | D:4      | Your scales start taking on a fiery red colour.
  5360 | D:4      | Reached XP level 7. HP: 36/50 MP: 1/10
  5360 | D:4      | Gained mutation: Your flesh is heat resistant. (rF+) [Red
                  | Draconian growth]
  5786 | D:4      | Paralysed by Grinder for 3 turns
  5793 | D:4      | Killed Grinder
  5794 | D:4      | Reached skill level 9 in Conjurations
  6461 | D:5      | Identified the +0 leather armour "Xiryn" {Harm rElec rN+
                  | Regen+}
  6501 | D:5      | Reached skill level 10 in Conjurations
  6605 | D:5      | Reached skill level 1 in Fighting
  6605 | D:5      | Reached XP level 8. HP: 59/59 MP: 5/11
  7296 | D:6      | Learned a level 4 spell: Fulminant Prism
  7481 | D:6      | Noticed Eustachio
  7504 | D:6      | Killed Eustachio
  7622 | D:6      | Reached skill level 11 in Conjurations
  7738 | D:6      | Found a staircase to the Ecumenical Temple.
  7761 | Temple   | Entered the Ecumenical Temple
  7781 | Temple   | Became a worshipper of Sif Muna the Loreminder
  7838 | D:6      | Found a hazy altar of Hepliaklqana.
  7961 | D:6      | Found a broken altar of Ashenzari.
  8591 | D:6      | Found a basalt altar of Yredelemnul.
  8674 | D:7      | Reached XP level 9. HP: 58/69 MP: 13/13
  8756 | D:7      | Reached skill level 12 in Conjurations
  9806 | D:7      | Found a hide-covered altar of Uskayaw.
 10209 | D:7      | Found a shimmering altar of Xom.
 10394 | D:8      | Reached * piety under Sif Muna
 10839 | D:8      | Reached skill level 13 in Conjurations
 10984 | D:8      | Found Forgh's Gadget Gallery.
 11621 | D:8      | Reached skill level 5 in Spellcasting
 11621 | D:8      | Reached XP level 10. HP: 67/77 MP: 11/17
 12005 | D:9      | Noticed a boulder beetle
 12026 | D:9      | Killed a boulder beetle
 12255 | D:9      | Noticed a cyclops
 12258 | D:9      | Killed a cyclops
 12357 | D:9      | Noticed a cyclops
 12367 | D:9      | Killed a cyclops
 12368 | D:9      | Reached skill level 14 in Conjurations
 13368 | D:9      | Noticed a six-headed hydra
 13368 | D:9      | Noticed a deep elf pyromancer
 13368 | D:9      | Noticed a green ugly thing
 13560 | D:10     | Entered Level 10 of the Dungeon
 13583 | D:10     | Reached ** piety under Sif Muna
 13858 | D:10     | Found a radiant altar of Vehumet.
 13860 | D:10     | Found a glowing golden altar of the Shining One.
 14068 | D:10     | Found a sacrificial altar of Ru.
 14084 | D:10     | Found a staircase to the Lair.
 14084 | D:10     | Noticed an elephant
 14113 | D:10     | Reached skill level 15 in Conjurations
 14498 | D:10     | Killed an elephant
 14499 | D:10     | Reached skill level 1 in Invocations
 15585 | D:10     | Reached XP level 11. HP: 77/85 MP: 15/20
 16112 | D:11     | Identified the +4 whip of Shame {vorpal, rC+ Dex+2}
 16143 | D:11     | Noticed a brown ugly thing
 16280 | Lair:1   | Entered Level 1 of the Lair of Beasts
 16289 | D:10     | Reached skill level 5 in Fighting
 17442 | Lair:1   | Reached skill level 5 in Invocations
 18815 | Lair:1   | Reached *** piety under Sif Muna
 19468 | Lair:2   | Found a dark tunnel.
 19481 | Volcano  | Entered a volcano
 19490 | Volcano  | Noticed a wizard
 19499 | Volcano  | Killed a wizard
 19506 | Volcano  | Noticed a wizard
 19508 | Volcano  | Noticed a wizard
 19510 | Volcano  | Killed a wizard
 19525 | Volcano  | Killed a wizard
 19526 | Volcano  | Reached XP level 12. HP: 86/96 MP: 13/21
 19550 | Volcano  | Reached skill level 16 in Conjurations
 20087 | Lair:2   | Reached skill level 17 in Conjurations
 21609 | Lair:2   | Reached skill level 18 in Conjurations
 21715 | Lair:2   | Found a hole to the Spider Nest.
 22217 | Lair:3   | Identified the ring "Pujuje" {Ice Str+4}
 22288 | Lair:3   | Reached skill level 1 in Translocations
 22377 | Lair:3   | Noticed Urug
 22444 | Lair:3   | Killed Urug
 23104 | Lair:3   | Found a runed translucent door.
 23505 | Lair:3   | Noticed a catoblepas
 23557 | Lair:3   | Noticed iguanaiguana's ghost (journeyman HuWn)
 23653 | Lair:3   | Reached XP level 13. HP: 104/104 MP: 8/22
 23890 | Lair:3   | Noticed Sonja
 23898 | Lair:3   | Killed Sonja
 24539 | Lair:3   | Found a staircase to the Swamp.
 24632 | Lair:3   | Killed iguanaiguana's ghost
 25378 | Lair:4   | Reached skill level 5 in Dodging
 25641 | Lair:4   | Reached **** piety under Sif Muna
 25642 | Lair:4   | Reached skill level 1 in Evocations
 25870 | Lair:4   | Found a shimmering altar of Xom.
 26946 | Lair:5   | Entered Level 5 of the Lair of Beasts
 28084 | Lair:5   | Reached skill level 5 in Evocations
 28310 | Lair:5   | Found a viscous altar of Jiyva.
 28310 | Lair:5   | Found a staircase to the Slime Pits.
 29387 | Lair:5   | Identified the ring of Foja {rPois Int+6 Dex+4}
 29399 | Lair:5   | Identified the +7 arbalest "Ximaj" {flame, rF+ rC+ Int+2}
 29629 | Lair:5   | Reached XP level 14. HP: 117/118 MP: 16/23
 30866 | D:11     | Learned a level 2 spell: Ensorcelled Hibernation
 30891 | D:11     | Reached skill level 1 in Short Blades
 30936 | D:11     | Noticed Erolcha
 30947 | Abyss:1  | Cast into level 1 of the Abyss (Erolcha)
 31047 | D:11     | Escaped the Abyss
 31053 | D:11     | Killed Erolcha
 31054 | D:11     | Reached skill level 1 in Hexes
 31347 | D:11     | Learned a level 1 spell: Slow
 31352 | D:11     | Learned a level 4 spell: Anguish
 31473 | D:11     | Noticed Amaemon
 31496 | D:11     | Killed Amaemon
 31703 | D:11     | Upgraded the game from 0.30-a0-373-gd37427bb62 to
                  | 0.30-a0-374-g95c0257040
 31748 | D:11     | Reached ***** piety under Sif Muna
 31748 | D:11     | Received a gift from Sif Muna
 31755 | D:11     | Got Sif Muna's Compendium of Flames {god gift}
 31904 | D:10     | Learned a level 5 spell: Fireball
 31916 | D:10     | Learned a level 6 spell: Starburst
 32016 | D:11     | Found a staircase to the Orcish Mines.
 32194 | Orc:1    | Entered Level 1 of the Orcish Mines
 32409 | Orc:1    | Found Waud's Book Emporium.
 33334 | Orc:2    | Entered Level 2 of the Orcish Mines
 33574 | Orc:2    | Reached skill level 5 in Fire Magic
 34980 | Orc:2    | Found a staircase to the Elven Halls.
 35046 | Orc:2    | Paralysed by an ogre mage for 2 turns
 35285 | Orc:2    | Reached skill level 10 in Fire Magic
 35385 | Orc:2    | Found Taaxt's Distillery.
 35414 | Orc:2    | Bought a potion of brilliance for 64 gold pieces
 35414 | Orc:2    | Bought a potion of heal wounds for 80 gold pieces
 35414 | Orc:2    | Bought a potion of heal wounds for 80 gold pieces
 35414 | Orc:2    | Bought a potion of flight for 48 gold pieces
 35860 | Orc:2    | Found Idghoake's Magic Scroll Emporium.
 35860 | Orc:2    | Found Sostesaa's Antique Weapon Boutique.
 35861 | Orc:2    | Found Boxaj's Assorted Antiques.
 35861 | Orc:2    | Found Uzeatom's Distillery.
 35887 | Orc:2    | Bought a potion of degeneration for 12 gold pieces
 35891 | Orc:2    | Bought a scroll labelled ZIHIANOEMP for 36 gold pieces
 35892 | Orc:2    | Bought a scroll of identify for 30 gold pieces
 35892 | Orc:2    | Bought a scroll of teleportation for 45 gold pieces
 35893 | Orc:2    | Bought a scroll of identify for 30 gold pieces
 36509 | D:12     | Noticed Azrael
 36546 | D:12     | Killed Azrael
 37090 | D:13     | Reached XP level 15. HP: 124/124 MP: 18/24
 38017 | D:13     | Found a runed translucent door.
 39835 | D:14     | Found a gate to the Vaults.
 40067 | D:14     | Received a gift from Sif Muna
 40072 | D:14     | Got Sif Muna's Excursus on Blasting {god gift}
 41784 | D:15     | Entered Level 15 of the Dungeon
 41963 | Spider:1 | Entered Level 1 of the Spider Nest
 42039 | Lair:2   | Reached skill level 15 in Fire Magic
 43569 | Spider:1 | Noticed an emperor scorpion
 43887 | Spider:1 | Killed an emperor scorpion
 45440 | Spider:1 | Noticed Kirke
 46853 | Spider:1 | Learned a level 7 spell: Orb of Destruction
 46907 | Spider:1 | Killed Kirke
 47058 | Spider:1 | Found a runed translucent door.
 47059 | Spider:1 | Noticed Jomugh's ghost (adept MfHs)
 47642 | Spider:2 | Reached XP level 16. HP: 132/132 MP: 17/25
 51011 | D:9      | Identified the ring of Ufutuass {Str+2 Dex+6}
 51022 | D:9      | Identified the ring of Autumn {*Slow rElec MP+9 Str+6
                  | Dex-2}
 51610 | D:9      | Learned a level 5 spell: Iskenderun's Battlesphere
 51668 | D:9      | Found a burning altar of Makhleb.
 52511 | Spider:2 | Found a runed translucent door.
 52512 | Spider:2 | Found a shimmering altar of Xom.
 52512 | Spider:2 | Noticed markstv's ghost (journeyman MiFi)
 52749 | Spider:3 | Reached skill level 1 in Staves
 53095 | Spider:3 | Received a gift from Sif Muna
 53123 | Spider:3 | Got Ojokitz's Parchment of the Lungs {god gift}
 54615 | Spider:4 | Entered Level 4 of the Spider Nest
 54659 | Spider:3 | Reached skill level 10 in Spellcasting
 57812 | Spider:4 | Received a gift from Sif Muna
 57813 | Spider:4 | Reached XP level 17. HP: 131/137 MP: 8/31
 57813 | Spider:4 | Got Sif Muna's Octavo of Superposition {god gift}
 57870 | Spider:3 | Learned a level 4 spell: Sticky Flame
 60729 | Spider:4 | Got a gossamer rune of Zot
 60933 | Lair:5   | Learned a level 1 spell: Foxfire
 61095 | Swamp:1  | Entered Level 1 of the Swamp
 61284 | Swamp:1  | Identified the +0 pair of gloves of the Iron City of Dis
                  | {rElec rCorr}
 61284 | Swamp:1  | Identified the +8 hand axe of Wariness {freeze, rElec rC+
                  | Int+4 Stlth+}
 61687 | Swamp:1  | Noticed Jorgrun
 61692 | Swamp:1  | Killed Jorgrun
 61693 | Swamp:1  | Reached skill level 1 in Shields
 63731 | Swamp:2  | Received a gift from Sif Muna
 64023 | Swamp:3  | Reached skill level 5 in Shields
 64151 | Swamp:3  | Reached skill level 19 in Conjurations
 64770 | Swamp:4  | Entered Level 4 of the Swamp
 65189 | Swamp:4  | Reached XP level 18. HP: 68/145 MP: 1/34
 65199 | Swamp:4  | Killed from afar by a spriggan air mage

Illustrated notes

Levels and vault maps discovered:
D:1:      amcnicky_arrival_abandoned_market, layout_rooms, minmay_lizard_pond
D:2:      layout_basic, basic_altar
D:3:      layout_basic, kennysheep_another_room, hex_tiny, grunt_ministairs_5,
          minmay_misc_feat_plants
D:4:      layout_basic, mainiacjoe_overflow_surrounded_room, zin_statuary,
          serial_shops, kennysheep_mini_moat, shop_statue, uniq_grinder
D:5:      layout_loops_corners
D:6:      layout_basic, mainiacjoe_overflow_alcove_4,
          mainiacjoe_overflow_big_doors, temple_pool_b, uniq_eustachio
D:7:      layout_loops_ring, kennysheep_little_box, marbit_many_paths,
          dk_noncrumbling_2
D:8:      layout_loops_ring, nicolae_shop_gadgets
D:9:      minmay_the_grid_square_5x5_3x3 [minmay_the_grid_square_5x5_v,
          minmay_the_grid_square_5x5_almost_minimal,
          minmay_the_grid_square_5x5_inverted_slash,
          minmay_the_grid_square_5x5_six,
          minmay_the_grid_square_5x5_megaprize_crossed,
          minmay_the_grid_square_5x5_minimal, minmay_the_grid_square_5x5_meh,
          minmay_the_grid_square_5x5_inset,
          minmay_the_grid_square_5x5_trominoes], layout_loops_corners,
          makhleb_altar_promises_db, special_room [special_room_orc],
          wad_mini_maze
D:10:     layout_basic, nicolae_ru_path_of_blood, nicolae_overflow_squiral,
          david_lair_generic
D:11:     layout_rooms, orc_0_dummy, uniq_erolcha, uniq_amaemon
D:12:     layout_roguey, uniq_azrael
D:13:     layout_small_grid, minmay_hidden_floor
D:14:     layout_stronghold, lightli_vaults_fourway_checkpoint,
          hangedman_cracks_in_the_wall
D:15:     grunt_enter_depths_magical_seal, layout_loops_ring, serial_shops,
          nicolae_shop_window_shopping, st_stairs_2
Temple:   minmay_freezing_vapour_temple
Lair:1:   layout_concentric_octagons, grunt_megastairs_2,
          infiniplex_staircase_pool, serial_bayou_shore_b, serial_bayou_shore_a
Lair:2:   layout_long_grid, spider_nest_entry_webs,
          portal_ice_cave_entry_pillars_1, nicolae_volcano_entry_lava_flow
Lair:3:   layout_cave_pods, minmay_swamp_entry_worms,
          ebering_ghost_reflecting_pool, patterned_corridor,
          infiniplex_staircase_pool_2, uniq_sonja, uniq_urug
Lair:4:   layout_big_grid, lemuel_oklob_altar, grunt_megastairs_5
Lair:5:   gammafunk_lair_ancient_temple, layout_cellular_growth,
          nicolae_slime_entry_slimehenge, nicolae_lair_grazing_beasts
          [nicolae_sub_lair_graze_edge, nicolae_sub_lair_graze_edge,
          nicolae_sub_lair_graze_edge, nicolae_sub_lair_graze_edge],
          serial_bayou_shore_b
Swamp:1:  layout_falls_marsh, evilmike_swamp_ruin_house_1, swamp_pool4,
          nicolae_swamp_orc_logging_accident, nicolae_swamp_some_circles,
          uniq_jorgrun
Swamp:2:  layout_basic_swamp, hangedman_swamp_ruin_wall, swamp_pool4,
          nicolae_swamp_tree_designs
Swamp:3:  layout_falls_marsh, nicolae_swamp_round_clearing
Swamp:4:  swamp, layout_basic_swamp, swamp_pool4
Spider:1: nicolae_spider_hilbert_zone_5 [nicolae_spider_hilbert_3_sides_1_open,
          nicolae_spider_hilbert_4_sides_1_open,
          nicolae_spider_hilbert_4_sides_1_open,
          nicolae_spider_hilbert_6_sides_1_open,
          nicolae_spider_hilbert_6_sides_1_open], ebering_ghost_inner_flame,
          uniq_kirke
Spider:2: layout_spider_delve, ebering_ghost_xom,
          nicolae_spider_some_kinda_spiderbox
Spider:3: layout_cave_pods, nicolae_spider_nooks_and_crannies
Spider:4: grunt_spider_rune_island, spiders_nest_spider_trap
Orc:1:    layout_caves, serial_shops, nicolae_shop_advertising_works
          [nicolae_subvault_shop_adworks]
Orc:2:    st_orc_ogre_mass, layout_caves, serial_shops,
          nicolae_shop_behind_doors, gauntlet_entry_generic

Skill      XL: |  1  2  3  4  5  6  7  8  9 10 11 12 13 14 15 16 17 |
---------------+----------------------------------------------------+-----
Conjurations   | 5 6 7 8 10 11 13 15 18 19 | 19.6
Fighting       | 1 3 4 6 9 |  9.0
Spellcasting   | 3 5 6 10 12 | 12.0
Dodging        | 3 4 8 9 |  9.4
Invocations    | 2 8 9 |  9.0
Translocations | 3 |  3.0
Evocations     | 6 8 9 |  9.0
Short Blades   | 1 |  1.9
Hexes          | 2 |  2.0
Fire Magic     | 11 17 18 | 18.0
Staves         | 3 |  3.0
Shields        | 6 |  6.0
Stealth        | |  1.7

Action                   |  1- 3 |  4- 6 |  7- 9 | 10-12 | 13-15 | 16-18 || total
-------------------------+-------+-------+-------+-------+-------+-------++-------
Melee: Unarmed           |     6 |       |       |       |       |       ||     6
       Dagger            |     8 |    48 |    31 |    36 |       |       ||   123
       Tailslap          |     3 |     3 |     3 |    14 |    92 |    27 ||   142
       Punch             |       |     1 |       |     3 |     6 |       ||    10
       Whip              |       |       |       |    13 |       |       ||    13
       Mace              |       |       |       |    18 |    84 |       ||   102
       Short sword       |       |       |       |       |   332 |   137 ||   469
       Staff             |       |       |       |       |       |    41 ||    41
 Cast: Magic Dart        |    80 |    45 |    79 |   125 |   151 |   149 ||   629
       Searing Ray       |     5 |    20 |    53 |   101 |    80 |       ||   259
       Iskenderun's Myst |       |       |     2 |    68 |   169 |   101 ||   340
       Fulminant Prism   |       |       |       |     8 |    22 |       ||    30
       Fireball          |       |       |       |       |    73 |    27 ||   100
       Starburst         |       |       |       |       |    73 |    61 ||   134
       Orb of Destructio |       |       |       |       |     6 |   141 ||   147
       Iskenderun's Batt |       |       |       |       |       |   115 ||   115
       Foxfire           |       |       |       |       |       |    43 ||    43
Invok: Channel Magic     |       |       |       |     4 |     6 |     5 ||    15
       Forget Spell      |       |       |       |       |     3 |       ||     3
 Abil: Breathe Fire      |       |       |    18 |    45 |    67 |    29 ||   159
Evoke: Wand              |       |       |       |    13 |    28 |     5 ||    46
       Box of beasts     |       |       |       |       |     2 |     3 ||     5
       Condenser vane    |       |       |       |       |       |     2 ||     2
  Use: Scroll            |     4 |     7 |     4 |    10 |    16 |    10 ||    51
       Potion            |       |     5 |       |     7 |    21 |    13 ||    46
 Stab: Paralysed         |       |       |       |       |    15 |       ||    15
       Invisible         |       |       |       |       |     3 |     2 ||     5
       Sleeping          |       |       |       |       |     1 |       ||     1
Armor: Skin              |     7 |    47 |    32 |   126 |   289 |   190 ||   691
Dodge: Dodged            |    10 |    29 |    60 |   171 |   591 |   344 ||  1205
Block: Buckler           |       |       |       |       |       |     4 ||     4

Table legend: (Time is in decaauts)
 A = Elapsed time spent in this place.
 B = Non-inter-level travel time spent in this place.
 C = Inter-level travel time spent in this place.
 D = Time resting spent in this place.
 E = Time spent auto-exploring this place.
 F = Levels seen in this place.
 G = Mean time per level.
                   A        B        C        D        E       F      G
               +--------+--------+--------+--------+--------+-----+--------+
         Total |  65661 |  62298 |   3363 |  35436 |  16212 |  33 | 1989.7 |
       Dungeon |  28244 |  26893 |   1351 |  13264 |  10621 |  15 | 1882.9 |
        Temple |     25 |     25 |      0 |      0 |     10 |   1 |   25.0 |
          Lair |  15764 |  15125 |    639 |   9992 |   2487 |   5 | 3152.8 |
         Swamp |   4364 |   4290 |     74 |   1832 |    982 |   4 | 1091.0 |
   Spider Nest |  12852 |  11702 |   1150 |   7726 |   1533 |   4 | 3213.0 |
  Orcish Mines |   3731 |   3583 |    148 |   2305 |    514 |   2 | 1865.5 |
         Abyss |     98 |     98 |      0 |     54 |      0 |   1 |   98.0 |
       Volcano |    580 |    580 |      0 |    262 |     63 |   1 |  580.0 |
               +--------+--------+--------+--------+--------+-----+--------+

Top non-repeatable levels by time:
Spider:3: 7172 daAuts
    D:10: 5364 daAuts
  Lair:2: 5304 daAuts
     D:9: 3712 daAuts
  Lair:5: 3461 daAuts
  Lair:3: 3210 daAuts
Spider:2: 3004 daAuts
    D:14: 2972 daAuts
   Orc:1: 2792 daAuts
  Lair:4: 2092 daAuts
     D:5: 1983 daAuts
     D:4: 1895 daAuts
     D:3: 1809 daAuts
     D:8: 1714 daAuts
     D:7: 1697 daAuts
